[ AOE2 MATCH · #504551137 ]
UnrankedLithuanians vs Khitans
Rival team · WIN
[ REPLAY ANALYSIS · EXTRACTED FROM THE RECORDED GAME ]
Feudal
10:30
Castle
—
Imperial
—
| APM avg | 145.3 |
| APM peak | 188 |
| eAPM avg | 64.5 |
| Villagers / military | 80 / 22 |
Focus
⚔️ 71.4% · 🌾 28.6%
Skirmisher ×14 · Scout Cavalry ×4 · Militia ×3 · Spearman ×1
Feudal
10:43
Castle
20:27
Imperial
—
| APM avg | 140.8 |
| APM peak | 185 |
| eAPM avg | 60.7 |
| Villagers / military | 40 / 18 |
Focus
⚔️ 82.9% · 🌾 17.1%
Archer ×11 · Militia ×4 · Spearman ×3
Match map
Initial resources + every placement click. Lines = walls · curves = elevation contours. ◆ gold · ⬟ stone · ● berries · ✦ relic · ◌ wall gap
Your base· Open — opponent sealed themselves in
NOC | Mati's base· ✓ Closed at 20:27 · 54t walls · no gate
Smoothed initial terrain · ◌ = detected wall gap · hover for details
Inputs per minute
— blytz - - NOC | Mati
Build order — blytz
First 150 of 163 actions detected
| 0:00 | Create | Villager (Male) |
| 0:00 | Create | Villager (Male) |
| 0:01 | Create | Villager (Male) |
| 0:03 | Build | House |
| 0:04 | Build | House |
| 0:12 | Create | Villager (Male) |
| 0:16 | Create | Villager (Male) |
| 0:48 | Create | Villager (Male) |
| 1:31 | Create | Villager (Male) |
| 1:44 | Create | Villager (Male) |
| 2:19 | Create | Villager (Male) |
| 2:22 | Build | Lumber Camp |
| 2:30 | Create | Villager (Male) |
| 2:51 | Create | Villager (Male) |
| 3:12 | Create | Villager (Male) |
| 3:33 | Create | Villager (Male) |
| 3:50 | Build | House |
| 3:56 | Create | Villager (Male) |
| 4:36 | Build | Barracks |
| 4:42 | Create | Villager (Male) |
| 4:51 | Create | Villager (Male) |
| 5:07 | Build | House |
| 5:28 | Create | Militia |
| 5:36 | Create | Militia |
| 5:39 | Create | Villager (Male) |
| 5:58 | Create | Villager (Male) |
| 6:01 | Create | Villager (Male) |
| 6:21 | Create | Villager (Male) |
| 6:26 | Create | Villager (Male) |
| 6:27 | Build | Mill |
| 6:39 | Create | Villager (Male) |
| 6:46 | Create | Villager (Male) |
| 6:56 | Create | Villager (Male) |
| 7:04 | Create | Villager (Male) |
| 7:17 | Create | Villager (Male) |
| 7:35 | Build | Mill |
| 7:35 | Create | Villager (Male) |
| 7:41 | Research | Loom |
| 7:41 | Research | Loom |
| 8:17 | Research | Feudal Age |
| 8:54 | Build | Mining Camp |
| 8:55 | Create | Villager (Male) |
| 8:58 | Create | Villager (Male) |
| 9:01 | Create | Villager (Male) |
| 9:12 | Create | Villager (Male) |
| 9:13 | Create | Villager (Male) |
| 9:22 | Create | Villager (Male) |
| 9:25 | Create | Militia |
| 9:36 | Build | Farm |
| 9:38 | Create | Villager (Male) |
| 9:43 | Create | Villager (Male) |
| 9:49 | Create | Villager (Male) |
| 10:11 | Create | Villager (Male) |
| 10:25 | Create | Villager (Male) |
| 10:30 | Age | Feudal Age |
| 10:32 | Build | Stable |
| 10:33 | Create | Villager (Male) |
| 10:34 | Create | Villager (Male) |
| 10:34 | Build | House |
| 10:40 | Research | Double-Bit Axe |
| 10:40 | Research | Double-Bit Axe |
| 10:41 | Research | Horse Collar |
| 10:41 | Research | Horse Collar |
| 10:42 | Create | Villager (Male) |
| 10:49 | Create | Villager (Male) |
| 10:49 | Create | Villager (Male) |
| 10:51 | Build | Palisade Wall |
| 10:52 | Build | Palisade Wall |
| 10:52 | Build | Palisade Wall |
| 10:54 | Create | Villager (Male) |
| 10:57 | Build | Palisade Wall |
| 10:58 | Build | Palisade Wall |
| 10:58 | Create | Villager (Male) |
| 11:05 | Create | Spearman |
| 11:08 | Create | Villager (Male) |
| 11:14 | Create | Villager (Male) |
| 11:17 | Create | Scout Cavalry |
| 11:21 | Create | Villager (Male) |
| 11:50 | Create | Villager (Male) |
| 11:59 | Create | Villager (Male) |
| 12:03 | Build | Farm |
| 12:03 | Build | Farm |
| 12:09 | Build | Palisade Wall |
| 12:10 | Create | Villager (Male) |
| 12:24 | Create | Scout Cavalry |
| 12:25 | Create | Villager (Male) |
| 12:25 | Create | Villager (Male) |
| 12:26 | Build | House |
| 12:36 | Build | Archery Range |
| 12:37 | Build | Farm |
| 12:38 | Build | Farm |
| 13:00 | Build | Farm |
| 13:01 | Build | Farm |
| 13:01 | Create | Villager (Male) |
| 13:06 | Create | Scout Cavalry |
| 13:06 | Create | Scout Cavalry |
| 13:07 | Create | Villager (Male) |
| 13:13 | Build | Farm |
| 13:17 | Create | Skirmisher |
| 13:38 | Create | Skirmisher |
| 13:44 | Build | House |
| 13:46 | Create | Villager (Male) |
| 13:53 | Create | Skirmisher |
| 14:02 | Build | Farm |
| 14:15 | Build | Farm |
| 14:15 | Create | Villager (Male) |
| 14:33 | Create | Skirmisher |
| 14:34 | Build | Farm |
| 14:37 | Create | Skirmisher |
| 14:40 | Create | Skirmisher |
| 14:48 | Build | House |
| 14:50 | Create | Skirmisher |
| 14:53 | Create | Villager (Male) |
| 14:54 | Build | Farm |
| 15:04 | Create | Skirmisher |
| 15:10 | Build | House |
| 15:21 | Create | Villager (Male) |
| 15:24 | Build | Farm |
| 15:45 | Create | Skirmisher |
| 15:51 | Create | Skirmisher |
| 15:53 | Build | Farm |
| 15:53 | Create | Villager (Male) |
| 15:58 | Create | Villager (Male) |
| 16:13 | Create | Villager (Male) |
| 16:24 | Create | Villager (Male) |
| 16:24 | Create | Villager (Male) |
| 16:28 | Create | Villager (Male) |
| 16:30 | Build | Lumber Camp |
| 16:46 | Create | Skirmisher |
| 16:53 | Create | Villager (Male) |
| 17:03 | Create | Villager (Male) |
| 17:15 | Create | Villager (Male) |
| 17:17 | Build | Farm |
| 17:17 | Create | Villager (Male) |
| 17:24 | Create | Villager (Male) |
| 17:24 | Create | Villager (Male) |
| 17:27 | Research | Wheelbarrow |
| 17:28 | Create | Villager (Male) |
| 17:30 | Create | Villager (Male) |
| 17:31 | Build | Farm |
| 17:32 | Build | Farm |
| 17:36 | Create | Villager (Male) |
| 17:42 | Create | Villager (Male) |
| 17:43 | Build | House |
| 17:57 | Create | Villager (Male) |
| 18:05 | Build | Farm |
| 18:19 | Create | Villager (Male) |
| 18:26 | Create | Villager (Male) |
| 18:28 | Build | Market |
| 18:42 | Build | Farm |
Build order — NOC | Mati
104 actions detected in the replay
| 0:01 | Create | Villager (Male) ×4 |
| 0:02 | Build | House |
| 0:02 | Build | House |
| 1:26 | Create | Villager (Male) |
| 1:50 | Build | Lumber Camp |
| 1:59 | Create | Villager (Male) |
| 2:15 | Create | Villager (Male) |
| 2:46 | Create | Villager (Male) |
| 3:02 | Create | Villager (Male) |
| 3:36 | Create | Villager (Male) |
| 3:48 | Build | House |
| 3:55 | Create | Villager (Male) |
| 3:56 | Create | Villager (Male) |
| 4:22 | Create | Villager (Male) |
| 4:22 | Create | Villager (Male) |
| 4:40 | Build | Barracks |
| 4:51 | Create | Villager (Male) |
| 4:51 | Create | Villager (Male) |
| 5:08 | Create | Villager (Male) |
| 5:23 | Create | Villager (Male) |
| 5:37 | Create | Villager (Male) |
| 5:48 | Create | Militia |
| 5:56 | Build | Mill |
| 6:11 | Build | House |
| 6:14 | Create | Villager (Male) |
| 6:18 | Create | Militia |
| 6:33 | Create | Militia |
| 7:05 | Create | Villager (Male) |
| 7:07 | Create | Villager (Male) |
| 7:13 | Build | House |
| 7:26 | Create | Villager (Male) |
| 7:44 | Research | Loom |
| 8:33 | Research | Feudal Age |
| 8:58 | Create | Militia |
| 9:07 | Build | House |
| 9:10 | Build | Mining Camp |
| 9:34 | Create | Villager (Male) |
| 9:45 | Build | House |
| 10:18 | Build | Pasture |
| 10:43 | Age | Feudal Age |
| 10:45 | Research | Man-at-Arms (upgrade) |
| 10:46 | Research | Double-Bit Axe |
| 10:50 | Create | Villager (Male) |
| 10:56 | Build | Archery Range |
| 11:05 | Create | Spearman |
| 11:12 | Build | Palisade Wall |
| 11:46 | Create | Archer |
| 11:46 | Create | Villager (Male) |
| 11:52 | Create | Archer |
| 11:52 | Create | Villager (Male) |
| 11:58 | Build | Palisade Wall |
| 12:03 | Build | Palisade Wall |
| 12:07 | Create | Spearman |
| 12:09 | Create | Spearman |
| 12:17 | Create | Villager (Male) |
| 12:24 | Create | Archer |
| 12:38 | Build | Palisade Wall |
| 12:42 | Build | Palisade Wall |
| 12:46 | Create | Villager (Male) |
| 12:47 | Create | Archer |
| 12:58 | Create | Villager (Male) |
| 12:59 | Create | Archer |
| 13:11 | Create | Villager (Male) |
| 13:15 | Create | Villager (Male) |
| 13:19 | Build | Pasture |
| 13:22 | Create | Villager (Male) |
| 13:24 | Create | Archer |
| 13:36 | Build | House |
| 14:01 | Create | Archer |
| 14:10 | Build | Palisade Wall |
| 14:13 | Create | Archer |
| 14:19 | Build | Palisade Wall |
| 14:27 | Create | Villager (Male) |
| 15:02 | Build | House |
| 15:03 | Create | Villager (Male) |
| 15:05 | Build | Pasture |
| 15:14 | Build | Pasture |
| 15:21 | Create | Villager (Male) |
| 15:24 | Build | House |
| 15:35 | Build | House |
| 15:47 | Build | Pasture |
| 16:11 | Create | Villager (Male) |
| 16:11 | Create | Villager (Male) |
| 16:27 | Build | Blacksmith |
| 16:52 | Build | Pasture |
| 17:14 | Create | Villager (Male) |
| 17:21 | Build | Pasture |
| 17:30 | Create | Archer |
| 17:30 | Create | Archer |
| 17:47 | Research | Castle Age |
| 17:53 | Build | Lumber Camp |
| 18:00 | Create | Archer |
| 18:15 | Research | Fletching |
| 18:16 | Research | Tech 1014 |
| 18:17 | Research | Tech 1014 |
| 18:44 | Create | Villager (Male) |
| 18:57 | Build | Stable |
| 19:21 | Build | Stable |
| 19:46 | Build | Palisade Wall |
| 20:03 | Research | Double-Bit Axe |
| 20:27 | Age | Castle Age |
| 20:28 | Research | Crossbowman (upgrade) |
| 20:29 | Research | Bodkin Arrow |
| 20:35 | Build | Town Center |
Match timeline
| 4:36 | blytz · first_building Barracks |
| 4:40 | NOC | Mati · first_building Barracks |
| 10:30 | blytz · age_up feudal |
| 10:32 | blytz · first_building Stable |
| 10:43 | NOC | Mati · age_up feudal |
| 10:51 | blytz · wall_segment Palisade Wall x1 |
| 10:52 | blytz · wall_segment Palisade Wall x1 |
| 10:52 | blytz · wall_segment Palisade Wall x1 |
| 10:56 | NOC | Mati · first_building Archery Range |
| 10:57 | blytz · wall_segment Palisade Wall x1 |
| 10:58 | blytz · wall_segment Palisade Wall x1 |
| 11:12 | NOC | Mati · wall_segment Palisade Wall x5 |
| 11:58 | NOC | Mati · wall_segment Palisade Wall x4 |
| 12:03 | NOC | Mati · wall_segment Palisade Wall x11 |
| 12:09 | blytz · wall_segment Palisade Wall x1 |
| 12:36 | blytz · first_building Archery Range |
| 12:38 | NOC | Mati · wall_segment Palisade Wall x11 |
| 12:42 | NOC | Mati · wall_segment Palisade Wall x4 |
| 14:10 | NOC | Mati · wall_segment Palisade Wall x13 |
| 14:19 | NOC | Mati · wall_segment Palisade Wall x6 |
| 18:57 | NOC | Mati · first_building Stable |
| 19:11 | blytz · first_market_buy 100 food |
| 19:46 | NOC | Mati · wall_segment Palisade Wall x1 |
| 20:27 | NOC | Mati · age_up castle |
| 20:35 | blytz · resign |
[ AI ANALYSIS · 1 CREDIT ]
What really happened in this match?
Wolo.gg analyzes every decision: build order, eco, micro, common mistakes by bracket. Personalized analysis on WhatsApp or Discord in 30 seconds.
Civ guide
Lithuanians
Perfil
Jugador #21516070